 Seeded DCSS version 0.29-a0-876-gfc89b1a5bd (webtiles) character file.

Game seed: 8897551386731462229 (custom seed)

122856 wilfster70 the Severer (level 16, -5/138 HPs)
             Began as a Demonspawn Berserker on July 19, 2022.
             Was a High Priest of Trog.
             Slain by a merfolk impaler
             ... wielding a +5 trident of freezing
              (8 damage)
             ... on level 4 of the Shoals.
             The game lasted 00:58:11 (22887 turns).

wilfster70 the Severer (Demonspawn Berserker)      Turns: 22887, Time: 00:58:11

Health: -5/138     AC: 24    Str: 35    XL:     16   Next: 35%
Magic:  0/25       EV:  6    Int: 15    God:    Trog [*****.]
Gold:   3735       SH:  0    Dex: 19    Spells: 15/15 levels left

rFire   + + .      SeeInvis +   a - +8 broad axe (elec)
rCold   . . .      Faith    .   f - +4 kite shield of the Swamp {+Inv}
rNeg    + . .      Spirit   +   e - +6 ring mail of Valiance {rF+ Str+7}
rPois   .          Reflect  .   d - +3 crown of Dyrovepreva {rElec Int+2 SInv}
rElec   +          Harm     .   J - +2 cloak
rCorr   .          Rampage  .   k - +0 pair of gloves of Zeophiko {MP+9 Str+3 Dex+3}
Will    +++..                   l - +2 pair of boots
Stlth   ++........              K - amulet of regeneration
HPRegen 2.13/turn               j - ring of Teutoka {rN+ Dex+3 Slay+3 Stlth+}
MPRegen 0.38/turn               T - ring "Fufar" {Fly rF+ Int+4}

@: strong-willed, flying, held, regenerating, studying Short Blades
A: horns 2, demonic guardian 1, magic shield, magic regeneration, magic link,
sharp scales 1
a: Renounce Religion, Evoke Invisibility, Berserk, Trog's Hand, Brothers in Arms


You were on level 4 of the Shoals.
You worshipped Trog.
Trog was extremely pleased with you.
You visited 4 branches of the dungeon, and saw 26 of its levels.
You also visited: Ossuary, Bailey and Ice Cave.

You collected 4981 gold pieces.
You spent 1246 gold pieces at shops.

Inventory:

Hand Weapons
 a - a +8 broad axe of electrocution (weapon)
 b - a +1 vorpal demon whip
 t - the +6 trident of Oenomania {flame, rPois Str+5}
   (You found it on level 5 of the Lair of Beasts)

   It burns those it strikes, dealing additional fire damage.
   Str:       It affects your strength (+5).
   rPois:     It protects you from poison.
Missiles
 u - 9 curare-tipped darts
 H - 2 javelins (quivered)
 O - 3 throwing nets
 W - 6 silver javelins
Armour
 d - the +3 crown of Dyrovepreva (worn) {rElec Int+2 SInv}
   (You acquired it on level 8 of the Dungeon)

   Int:       It affects your intelligence (+2).
   rElec:     It insulates you from electricity.
   SInv:      It lets you see invisible.
 e - the +6 ring mail of Valiance (worn) {rF+ Str+7}
   (You acquired it on level 1 of the Dungeon)

   Str:       It affects your strength (+7).
   rF:        It protects you from fire.
 f - the +4 kite shield of the Swamp (worn) {+Inv}
   (You acquired it on level 5 of the Lair of Beasts)

   +Inv:      It lets you turn invisible.
 k - the +0 pair of gloves of Zeophiko (worn) {MP+9 Str+3 Dex+3}
   (You acquired it on level 8 of the Dungeon)

   Str:       It affects your strength (+3).
   Dex:       It affects your dexterity (+3).
   MP:        It affects your magic capacity (+9).
 l - a +2 pair of boots (worn)
 J - a +2 cloak (worn)
 Y - a +4 plate armour
Jewellery
 j - the ring of Teutoka (left hand) {rN+ Dex+3 Slay+3 Stlth+}
   (You acquired it on level 1 of the Dungeon)

   [ring of positive energy]

   Dex:       It affects your dexterity (+3).
   Slay:      It affects your accuracy & damage with ranged weapons and melee
   (+3).
   rN:        It protects you from negative energy.
   Stlth:     It makes you more stealthy.
 q - a +4 ring of protection
 x - a +4 ring of evasion
 K - an amulet of regeneration (around neck)
 Q - a ring of ice
 T - the ring "Fufar" (right hand) {Fly rF+ Int+4}
   (You bought it in a shop on level 10 of the Dungeon)

   [ring of protection from fire]

   Int:       It affects your intelligence (+4).
   rF:        It protects you from fire.
   Fly:       It grants you flight.
 V - a ring of see invisible
Wands
 z - a wand of charming (24)
 A - a wand of roots (16)
 C - a wand of light (13)
 E - a wand of flame (6)
 L - a wand of digging (19)
 N - a wand of mindburst (36)
 U - a wand of polymorph (3)
Scrolls
 g - 3 scrolls of poison
 h - 4 scrolls of magic mapping
 n - 4 scrolls of blinking
 o - 17 scrolls of teleportation
 w - 3 scrolls of silence
 y - 3 scrolls of fog
 B - 6 scrolls of immolation
 I - 5 scrolls of fear
Potions
 c - 18 potions of curing
 m - 5 potions of might
 p - 4 potions of cancellation
 s - 4 potions of mutation
 D - 6 potions of resistance
 F - 2 potions of invisibility
 G - a potion of heal wounds
 M - 6 potions of lignification
 P - 3 potions of magic
 R - 2 potions of haste
 S - 2 potions of ambrosia
Miscellaneous
 i - a tin of tremorstones (2/2)
 v - a phantom mirror


   Skills:
 - Level 15.8 Fighting
 - Level 18.0 Axes
 - Level 8.1 Armour
 - Level 1.7 Dodging
 - Level 12.5 Shields
 + Level 10.8 Evocations


You had 15 spell levels left.
You didn't know any spells.
Your spell library was empty.

Dungeon Overview and Level Annotations

Branches:
Dungeon (15/15)            Temple (0/1) D:7            Lair (5/5) D:10
 Shoals (4/4) Lair:3       Spider (0/4) Lair:3        Slime (0/5) Lair:4
    Orc (2/2) D:12            Elf (0/3) Orc:2        Vaults (0/5) D:13
 Depths (0/4) D:15        Ossuary (visited)          Bailey (visited)
  IceCv (visited)

Altars:
Cheibriados
Fedhas
Gozag
Hepliaklqana
Kikubaaqudgha
Makhleb
Ru
Trog
Vehumet
Xom
Yredelemnul
Jiyva

Shops:
D:10 =   Orc:2 (:[***   Shoals:2 !::

Annotations:
D:12 2 runed translucent doors, exclusion: door


Innate Abilities, Weirdness & Mutations

You have a pair of horns on your head.
A weak demonic guardian rushes to your aid.
When hurt, damage is shared between your health and your magic reserves.
You regenerate magic rapidly.
When low on magic, you restore magic in place of health.
You are partially covered in razor-sharp scales. (AC +1, Slay +1)


Message History

* * * LOW HITPOINT WARNING * * *
The merfolk hits you but does no damage.
The merfolk hits you from afar with a +0 halberd.
The merfolk impaler hits you but does no damage.
The merfolk impaler hits you from afar with a +5 trident of freezing!
* * * LOW HITPOINT WARNING * * *
The merfolk impaler freezes you.
* * * LOW HITPOINT WARNING * * *
You feel much better.
Your quasit misses the merfolk impaler.
Your quasit claws the merfolk impaler. x2
The merfolk hits you from afar with a +0 vampiric spear!
* * * LOW HITPOINT WARNING * * *
The merfolk barely misses you.
The merfolk hits you from afar with a +0 halberd!
* * * LOW HITPOINT WARNING * * *
The merfolk impaler hits you but does no damage.
The merfolk impaler hits you from afar with a +5 trident of freezing.
* * * LOW HITPOINT WARNING * * *
The merfolk impaler freezes you.
* * * LOW HITPOINT WARNING * * *
The merfolk hits you but does no damage.
Your quasit misses the merfolk impaler.
Your quasit claws the merfolk impaler but does no damage.
Your quasit misses the merfolk impaler.
You feel much better. The merfolk impaler closely misses you.
The merfolk hits you but does no damage.
The merfolk impaler hits you but does no damage.
The merfolk hits you but does no damage.
You writhe in agony.
The merfolk hits you from afar with a +0 halberd!
* * * LOW HITPOINT WARNING * * *
Your quasit bites the merfolk impaler but does no damage.
Your quasit claws the merfolk impaler.
Your quasit claws the merfolk impaler but does no damage.
The merfolk impaler hits you with a +0 trident.
* * * LOW HITPOINT WARNING * * *
The merfolk impaler hits you from afar with a +5 trident of freezing!
* * * LOW HITPOINT WARNING * * *
The merfolk impaler freezes you!
You die...

≈≈≈≈≈≈≈≈≈≈≈≈≈≈≈≈≈≈≈≈≈≈≈≈
≈≈≈≈≈≈≈≈≈≈≈≈≈≈≈≈≈≈≈≈≈≈≈≈
≈≈≈≈≈≈≈≈≈≈≈≈≈≈≈≈≈≈≈≈≈≈≈≈≈
≈≈≈≈≈≈≈≈≈≈≈≈≈≈≈≈≈≈≈≈≈≈≈≈≈≈≈≈≈
≈≈≈≈≈≈)≈[≈≈≈≈≈≈≈≈≈≈≈≈≈≈≈≈≈≈≈≈
≈≈≈≈≈≈≈)..P..[...P.....≈≈≈≈≈≈
≈≈≈≈≈≈≈<..P.......m.....≈≈≈≈≈
≈≈≈≈≈≈...##...P)<)..##...≈≈≈≈
≈≈≈≈≈≈...#..P...@5mP.#...≈≈≈≈
≈≈≈≈≈≈.PP.....m.mmm......≈≈≈≈
≈≈≈≈≈≈≈.........#....<(P≈≈≈≈≈
≈≈≈≈≈≈≈P.....#..##††?...≈≈≈≈≈
≈≈≈≈≈≈≈≈≈≈≈≈≈#.!c#)≈≈≈≈≈≈≈≈≈≈
≈≈≈≈≈≈#.#.#++#..≈...)#..#≈≈≈≈
≈≈≈≈.##..# #...#...#.## ≈≈≈
≈≈≈.#..... ?#.##.....≈ ≈≈ ≈#
...... ..m#...≈..≈. ≈


You could see 2 merfolk impalers, 4 merfolk and a friendly quasit (summoned).

Vanquished Creatures
  Nikola (Shoals:1)
  Jorgrun (Orc:1)
  The ghost of DrClinical the Eclecticist, an adept DsIE of Makhleb (Shoals:1)
  Kirke (Lair:5)
  A stone giant (D:15)
  A dire elephant (Lair:5)
  A merfolk impaler (Shoals:4)
  An ettin (Orc:2)
  Snorg (D:10)
  Fannar (D:10)
  2 hydras
  Harold (D:10)
  2 merfolk avatars
  2 boulder beetles
  A death knight (D:14)
  5 centaur warriors
  2 dancing weapons (D:13)
  A satyr (Shoals:3)
  2 death yaks (Shoals:3)
  6 tengu warriors
  4 two-headed ogres
  5 orc high priests
  Urug (Orc:1)
  A skeletal warrior (D:9)
  8 sea snakes
  Amaemon (D:8)
  A spriggan simulacrum (D:14)
  A wizard (D:15)
  6 orc knights
  11 harpies
  Pikel (D:5)
  4 deep elf pyromancers
  4 orc sorcerers (Orc:2)
  The ghost of zurenarrh the Ducker, a novice DsBe of Trog (D:7)
  9 ugly things
  4 cyclopes
  6 fauns
  8 manticores
  3 merfolk sirens (Shoals:3)
  8 elephants
  5 black mambas
  2 water nymphs
  2 unseen horrors
  2 gargoyles (D:12)
  7 cane toads
  An orange demon (D:8)
  3 rime drakes
  A yaktaur (D:15)
  15 komodo dragons
  4 kobold demonologists
  2 freezing wraiths (D:14)
  A tengu conjurer (D:15)
  4 entropy weaver simulacra (D:14)
  11 merfolk
  5 trolls
  A polar bear (shapeshifter) (D:15)
  3 polar bears
  9 wind drakes
  The ghost of Nerzalar the Slasher, an amateur HuFi (D:4)
  3 hornets
  A wolf spider simulacrum (D:15)
  4 blink frogs
  4 slime creatures (D:12)
  4 dream sheep (Shoals:1)
  9 snapping turtles
  8 wraiths
  53 yaks
  A vampire (D:9)
  19 water elementals
  6 wyverns
  6 basilisks
  4 steam dragons
  Menkaure (D:7)
  A harpy simulacrum (D:14)
  An acid dragon (D:10)
  2 wargs
  15 water moccasins
  52 orc warriors
  A sky beast (D:7)
  3 black bears
  4 boggarts (D:14)
  9 ogres
  2 alligator simulacra (D:14)
  3 ice beasts (D:6)
  25 wolves
  A phantom (D:6)
  9 centaurs
  A lemure (D:5)
  An elf zombie (Ossuary)
  Blork the orc (D:5)
  5 kobold brigands
  12 bullfrogs
  A gnoll sergeant (D:9)
  2 scorpions
  A necrophage (D:7)
  A water moccasin zombie (D:4)
  5 wights (D:7)
  8 killer bees
  5 electric eels
  2 howler monkeys (D:10)
  A bullfrog zombie (Ossuary)
  3 bullfrog skeletons
  3 centaur zombies (Ossuary)
  24 orc priests
  3 hounds (D:5)
  Crazy Yiuf (D:6)
  A gnoll bouda (D:9)
  2 human zombies (Ossuary)
  2 iguanas
  31 orc wizards
  2 killer bee zombies (D:7)
  An ogre zombie (Ossuary)
  2 mummies (Ossuary)
  26 gnolls
  12 adders
  A howler monkey skeleton (D:4)
  A shadow imp (D:7)
  2 white imps (D:5)
  An adder zombie (Ossuary)
  3 worms
  2 dart slugs
  122 orcs
  4 bats
  10 endoplasms
  4 giant cockroaches
  7 goblins
  11 hobgoblins
  4 jackals (D:1)
  28 kobolds
  8 ball pythons
  7 frilled lizards
  3 goblin zombies (Ossuary)
  7 hobgoblin zombies (Ossuary)
  8 kobold zombies (Ossuary)
  11 orc zombies (Ossuary)
  A rat (D:3)
  A rat zombie (Ossuary)
856 creatures vanquished.

Vanquished Creatures (collateral kills)
  Polyphemus (Shoals:3)
  An orc warlord (Orc:2)
  Nessos (Lair:3)
  A catoblepas (Shoals:3)
  2 death yaks (Shoals:3)
  Nergalle (Orc:1)
  A sea snake (Lair:5)
  A manticore (Shoals:4)
  A faun (Shoals:4)
  2 merfolk (Shoals:4)
  A snapping turtle (Shoals:3)
  2 hogs (Lair:5)
  A steam dragon (D:10)
  An orc warrior (Orc:2)
  An orc priest (Orc:2)
  3 orcs (Orc:2)
  A kobold (D:11)
22 creatures vanquished.

Vanquished Creatures (others)
  A merfolk aquamancer (Shoals:2)
  A human (Lair:5)
  A boggart (D:14)
  An orc wizard (Bailey)
  29 fungi
  75 plants
108 creatures vanquished.

Grand Total: 986 creatures vanquished

Notes
Turn   | Place    | Note
-------+----------+-------------------------------------------
     0 | D:1      | wilfster70 the Demonspawn Berserker began the quest for the
                  | Orb.
     0 | D:1      | Reached XP level 1. HP: 18/18 MP: 1/1
   130 | D:1      | Reached skill level 3 in Axes
   176 | D:1      | Gained mutation: You have a pair of small horns on your
                  | head. [demonic ancestry]
   176 | D:1      | Reached XP level 2. HP: 24/24 MP: 2/2
   256 | D:1      | Identified a scroll of acquirement
   256 | D:1      | Acquired the +6 ring mail of Valiance {rF+ Str+7}
   695 | D:1      | Acquired the ring of Teutoka {rN+ Dex+3 Slay+3 Stlth+}
   761 | D:2      | Reached ** piety under Trog
   879 | D:2      | Gained mutation: You regenerate magic rapidly. [demonic
                  | ancestry]
   879 | D:2      | Reached XP level 3. HP: 29/29 MP: 3/3
   951 | D:2      | Reached skill level 4 in Axes
   952 | D:2      | Reached XP level 4. HP: 37/37 MP: 4/4
  1160 | D:2      | Found a faded altar of an unknown god.
  1736 | D:3      | Reached XP level 5. HP: 42/42 MP: 5/5
  1994 | D:3      | Reached skill level 5 in Axes
  1996 | D:3      | Found a bloodstained altar of Trog.
  2091 | D:3      | Found a shimmering altar of Xom.
  2150 | D:3      | Reached *** piety under Trog
  2185 | D:3      | Gained mutation: When hurt, damage is shared between your
                  | health and your magic reserves. [demonic ancestry]
  2185 | D:3      | Reached XP level 6. HP: 40/49 MP: 6/6
  2536 | D:4      | Found a hazy altar of Hepliaklqana.
  2537 | D:4      | Found an ancient bone altar of Kikubaaqudgha.
  2740 | D:4      | Found a transporter.
  2745 | D:4      | Noticed Nerzalar's ghost (amateur HuFi)
  2746 | D:4      | Found a transporter.
  2762 | D:4      | Killed Nerzalar's ghost
  2763 | D:4      | Reached skill level 5 in Fighting
  2763 | D:4      | Reached skill level 6 in Axes
  2763 | D:4      | Gained mutation: A weak demonic guardian rushes to your
                  | aid. [demonic ancestry]
  2763 | D:4      | Reached XP level 7. HP: 52/56 MP: 4/7
  3091 | D:4      | Found an opulent altar of Gozag.
  3169 | D:4      | Found a blossoming altar of Fedhas.
  3169 | D:4      | Found a snail-covered altar of Cheibriados.
  3273 | D:4      | Found a burning altar of Makhleb.
  3365 | D:5      | Entered Level 5 of the Dungeon
  3421 | D:5      | Reached skill level 7 in Axes
  3496 | D:5      | Noticed Pikel
  3532 | D:5      | Killed Pikel
  3533 | D:5      | Reached skill level 8 in Axes
  3533 | D:5      | Reached XP level 8. HP: 58/64 MP: 6/8
  3963 | D:5      | Noticed Blork the orc
  3970 | D:5      | Killed Blork the orc
  3971 | D:5      | Reached skill level 9 in Axes
  4254 | D:6      | Reached **** piety under Trog
  4388 | D:6      | Found a runed translucent door.
  4389 | D:6      | Noticed Crazy Yiuf
  4396 | D:6      | Killed Crazy Yiuf
  4558 | D:6      | Reached skill level 10 in Axes
  4558 | D:6      | Reached XP level 9. HP: 69/69 MP: 9/9
  4687 | D:6      | Found a sacrificial altar of Ru.
  5279 | D:7      | Reached skill level 11 in Axes
  5287 | D:7      | Found a staircase to the Ecumenical Temple.
  5313 | D:7      | Noticed Menkaure
  5319 | D:7      | Killed Menkaure
  5327 | D:7      | Found a sand-covered staircase.
  5349 | Ossuary  | Entered an ossuary
  5515 | Ossuary  | Reached ***** piety under Trog
  5790 | D:7      | Reached skill level 12 in Axes
  6003 | D:7      | Found a runed translucent gate.
  6003 | D:7      | Found a runed translucent gate.
  6003 | D:7      | Found a runed translucent gate.
  6003 | D:7      | Noticed zurenarrh's ghost (novice DsBe)
  6006 | D:7      | Found a basalt altar of Yredelemnul.
  6031 | D:7      | Killed zurenarrh's ghost
  6032 | D:7      | Gained mutation: You are partially covered in razor-sharp
                  | scales. (AC +1, Slay +1) [demonic ancestry]
  6032 | D:7      | Reached XP level 10. HP: 70/76 MP: 10/10
  6230 | D:8      | Found a flagged portal.
  6232 | D:8      | Noticed Amaemon
  6232 | D:8      | Noticed an orange demon
  6242 | D:8      | Killed an orange demon
  6249 | D:8      | Killed Amaemon
  6250 | D:8      | Reached skill level 13 in Axes
  6271 | Bailey   | Entered a bailey
  6466 | Bailey   | Found an iron altar of Okawaru.
  6470 | Bailey   | Noticed an orc high priest
  6482 | Bailey   | Killed an orc high priest
  6483 | Bailey   | Reached skill level 14 in Axes
  6504 | Bailey   | Identified the +8 sling of Risukash {freeze, Dex+2}
  6846 | D:8      | Noticed a two-headed ogre
  6849 | D:8      | Gained mutation: When low on magic, you restore magic in
                  | place of health. [demonic ancestry]
  6849 | D:8      | Reached XP level 11. HP: 81/81 MP: 11/11
  6854 | D:8      | Killed a two-headed ogre
  6855 | D:8      | Reached skill level 15 in Axes
  6857 | D:8      | Received a gift from Trog
  7376 | D:8      | Acquired the +0 pair of gloves of Zeophiko {MP+9 Str+3
                  | Dex+3}
  7390 | D:8      | Acquired a manual of Fighting
  7393 | D:8      | Acquired the +3 crown of Dyrovepreva {rElec Int+2 SInv}
  7393 | D:8      | Found the +3 crown of Dyrovepreva {rElec Int+2 SInv}
  7909 | D:9      | Noticed a two-headed ogre
  7924 | D:9      | Killed a two-headed ogre
  7988 | D:9      | Reached skill level 16 in Axes
  8015 | D:9      | Noticed a skeletal warrior
  8025 | D:9      | Killed a skeletal warrior
  8076 | D:9      | Found the +5 scythe "Finisher" {speed, eviscerate}
  8187 | D:10     | Entered Level 10 of the Dungeon
  8190 | D:10     | Found a radiant altar of Vehumet.
  8259 | D:10     | Identified the +1 leather armour of Parlour Games {rN+
                  | Int-5 Dex+3 Slay-5}
  8412 | D:10     | Noticed Snorg
  8423 | D:10     | Killed Snorg
  8424 | D:10     | Reached skill level 17 in Axes
  8493 | D:10     | Noticed Fannar
  8507 | D:10     | Killed Fannar
  8673 | D:10     | Noticed Harold
  8687 | D:10     | Killed Harold
  8688 | D:10     | Reached XP level 12. HP: 88/88 MP: 12/12
  8883 | D:10     | Found a staircase to the Lair.
  8997 | D:10     | Found Dolleos's Jewellery Shoppe.
  9005 | D:10     | Bought the ring "Fufar" {Fly rF+ Int+4} for 510 gold pieces
  9656 | D:11     | Noticed a two-headed ogre
  9660 | D:11     | Killed a two-headed ogre
  9661 | D:11     | Reached skill level 18 in Axes
  9931 | D:11     | Noticed a two-headed ogre
  9937 | D:11     | Killed a two-headed ogre
 10081 | D:12     | Noticed a boulder beetle
 10090 | D:11     | Killed a boulder beetle
 10183 | D:12     | Reached skill level 10 in Fighting
 10470 | D:12     | Received a gift from Trog
 10499 | D:12     | Found a runed translucent door.
 10499 | D:12     | Noticed a tengu warrior
 10499 | D:12     | Noticed a boulder beetle
 10500 | D:12     | Noticed a two-headed ogre
 10500 | D:12     | Noticed a four-headed hydra
 10505 | D:12     | Killed a tengu warrior
 10516 | D:12     | Killed a boulder beetle
 10522 | D:12     | Found a runed translucent door.
 10657 | D:12     | Found a staircase to the Orcish Mines.
 10779 | Lair:1   | Entered Level 1 of the Lair of Beasts
 10790 | Lair:1   | Reached XP level 13. HP: 95/111 MP: 13/13
 10845 | Lair:1   | Acquired 804 gold pieces
 12366 | Lair:3   | Found a staircase to the Shoals.
 12374 | Lair:3   | Reached skill level 15 in Fighting
 12440 | Lair:3   | Reached ****** piety under Trog
 12552 | Lair:3   | Noticed Nessos
 12564 | Lair:3   | HP: 5/117 [poisoned by Nessos]
 12565 | Lair:3   | HP: 1/117 [poisoned by Nessos]
 12576 | Lair:3   | Killed Nessos
 12766 | Lair:3   | Found a hole to the Spider Nest.
 13609 | Lair:4   | You are sucked into a shaft and drop 1 floor!
 13609 | Lair:5   | Entered Level 5 of the Lair of Beasts
 13619 | Lair:5   | Reached skill level 5 in Armour
 13633 | Lair:5   | Received a gift from Trog
 13749 | Lair:5   | Noticed a dire elephant
 13771 | Lair:5   | Killed a dire elephant
 13830 | Lair:5   | Reached XP level 14. HP: 119/124 MP: 14/14
 14229 | Lair:5   | Acquired 1246 gold pieces
 14231 | Lair:5   | Acquired the +4 kite shield of the Swamp {+Inv}
 14288 | Lair:5   | Reached skill level 1 in Shields
 14323 | Lair:5   | Identified the +3 shortbow "Leceg" {vorpal, +Blink rN+}
 14326 | Lair:5   | Identified the +6 trident of Oenomania {flame, rPois Str+5}
 14370 | Lair:5   | Noticed Kirke
 14384 | Lair:5   | Killed Kirke
 15291 | Lair:4   | Found a viscous altar of Jiyva.
 15291 | Lair:4   | Found a staircase to the Slime Pits.
 15317 | Lair:4   | Reached skill level 5 in Shields
 15806 | D:13     | Found a gate to the Vaults.
 16485 | D:14     | Found a frozen archway.
 16591 | IceCv    | Entered an ice cave
 16802 | D:14     | Received a gift from Trog
 16908 | D:14     | You are sucked into a shaft and drop 1 floor!
 16908 | D:15     | Entered Level 15 of the Dungeon
 17545 | D:15     | Found a staircase to the Depths.
 17545 | D:15     | Noticed a stone giant
 17550 | D:15     | Killed a stone giant
 17844 | D:15     | Reached XP level 15. HP: 130/130 MP: 15/15
 17878 | D:15     | Reached skill level 10 in Shields
 17909 | D:15     | Found a shimmering altar of Xom.
 17909 | D:15     | Found a shimmering altar of Xom.
 17909 | D:15     | Found a shimmering altar of Xom.
 17914 | D:15     | Found a shimmering altar of Xom.
 17914 | D:15     | Found a shimmering altar of Xom.
 17915 | D:15     | Found a shimmering altar of Xom.
 18411 | Orc:1    | Entered Level 1 of the Orcish Mines
 18623 | Orc:2    | Entered Level 2 of the Orcish Mines
 18631 | Orc:2    | Found Saddam's General Store.
 18633 | Orc:2    | Found Dunkor's Specific Store.
 18976 | Orc:2    | Received a gift from Trog
 19037 | Orc:2    | Noticed an orc warlord
 19053 | Orc:2    | HP: 4/130 [orc priest/divine providence (10)]
 19055 | Orc:2    | Found a staircase to the Elven Halls.
 19182 | Orc:2    | Paralysed by an orc sorcerer for 4 turns
 19217 | Orc:2    | Received a gift from Trog
 19337 | Orc:2    | Killed an orc warlord
 19347 | Orc:2    | Found Feew's General Store.
 19347 | Orc:2    | Found Xitoazea's Antique Armour Shoppe.
 19347 | Orc:2    | Found Joisch's Book Shoppe.
 19347 | Orc:2    | Found Jecuguj's Antique Weapon Emporium.
 19354 | Orc:2    | Bought a scroll of enchant weapon for 112 gold pieces
 19586 | Orc:1    | Noticed Urug
 19594 | Orc:1    | Killed Urug
 19606 | Orc:1    | Noticed Nergalle
 19622 | Orc:1    | Noticed Jorgrun
 19634 | Orc:1    | Killed Nergalle
 19635 | Orc:1    | Killed Jorgrun
 19982 | Shoals:1 | Entered Level 1 of the Shoals
 19982 | Shoals:1 | Found a large runed translucent door.
 19982 | Shoals:1 | Found a large runed translucent door.
 19998 | Shoals:1 | Noticed DrClinical's ghost (adept DsIE)
 20056 | Shoals:1 | Reached skill level 1 in Evocations
 20230 | Shoals:1 | Killed DrClinical's ghost
 20411 | Shoals:1 | Noticed Nikola
 20452 | Shoals:1 | Killed Nikola
 20453 | Shoals:1 | Reached skill level 5 in Evocations
 20684 | Shoals:1 | Received a gift from Trog
 21197 | Shoals:2 | Found Jaitama's Distillery.
 21272 | Shoals:2 | Bought a potion of might for 64 gold pieces
 21274 | Shoals:2 | Found Basethes's Book Shoppe.
 21306 | Shoals:2 | Found Ytwufotz's Book Shop.
 21738 | Shoals:3 | Gained mutation: You have a pair of horns on your head.
                  | [demonic ancestry]
 21738 | Shoals:3 | Reached XP level 16. HP: 126/138 MP: 16/16
 22010 | Orc:2    | Bought a +3 plate armour for 560 gold pieces
 22292 | Shoals:3 | Noticed Polyphemus
 22316 | Shoals:3 | Killed Polyphemus
 22594 | Shoals:4 | Entered Level 4 of the Shoals
 22611 | Shoals:4 | Reached skill level 10 in Evocations
 22887 | Shoals:4 | HP: 3/138 [merfolk impaler/+5 trident of freezing (15)]
 22887 | Shoals:4 | Slain by a merfolk impaler

Illustrated notes

Levels and vault maps discovered:
D:1:      lemuel_arrival_behind_the_door_large, layout_basic, minivault_24,
          dreamdust_wishing_well, moated_statue, minmay_hedge_maze
D:2:      layout_basic, dreamdust_ecumenical_altar_grove, eino_tiny_chamber,
          minmay_joined_circles
D:3:      layout_loops_ring, bloody_trog, mainiacjoe_overflow_tiny_flanked,
          minmay_fractal_squares_gapless_5
D:4:      layout_basic, bloody_makhleb, lemuel_crystal_altar,
          gammafunk_temple_overflow_pools, grunt_temple_overflow_open,
          gammafunk_ghost_mausoleum
D:5:      layout_cave_pools, minmay_misc_feat_x, uniq_blork_the_orc, uniq_pikel
D:6:      layout_basic, mainiacjoe_overflow_catch_the_wave,
          minmay_misc_feat_pillars, minivault_24, uniq_crazy_yiuf_cottage
D:7:      layout_rooms, nicolae_yredelemnul_ghost_church,
          minmay_temple_entry_ruins, chequers_ossuary_entry_cave,
          corexii_corridor_pit, uniq_menkaure
D:8:      layout_loops_cross, enter_bailey_5, uniq_amaemon
D:9:      layout_cave_pools, minmay_guarded_unrand_finisher
D:10:     layout_loops_ring, vehumet_crystals, erik_lair_dragon, serial_shops,
          shop, uniq_harold, uniq_snorg, uniq_fannar
D:11:     layout_loops_ring
D:12:     minmay_expanding_circles, layout_rooms, orc_0_dummy, chequers_garden
D:13:     layout_irregular_city, erik_vaults_1
D:14:     layout_roguey, portal_ice_cave_entry_ice_simulacra,
          kennysheep_pointless_box, solitary_fountain, drop_trap
D:15:     grunt_enter_depths_snipers, layout_basic, serial_bayou,
          serial_bayou_lagoon_a, serial_bayou_lagoon_b, serial_bayou_shore_a,
          serial_bayou_pond_b, nicolae_eternal_life, abandoned_shop,
          xom_shifter_show
Lair:1:   layout_small_grid
Lair:2:   layout_gridlike
Lair:3:   layout_loops_ring, minmay_shoals_entry_beasts, dummy_spider_entry,
          grunt_megastairs_2, uniq_nessos
Lair:4:   layout_regular_city, slime_entry_1, serial_forest,
          infiniplex_forest_end_1, infiniplex_forest_straight_3,
          infiniplex_forest_clump_small, infiniplex_forest_clump_double,
          infiniplex_forest_clump_diagonal, infiniplex_forest_corner_2,
          infiniplex_forest_lined_2, infiniplex_forest_lined_3,
          infiniplex_forest_end_1, lookout_lair_type
Lair:5:   gammafunk_lair_ancient_temple, layout_small_grid, uniq_kirke
Shoals:1: layout_shoals, ebering_ghost_disaster_area, uniq_nikola
Shoals:2: layout_shoals, serial_shops, nicolae_diamond_shop,
          nicolae_shop_advertising_works [nicolae_subvault_shop_adworks],
          nicolae_diamond_shop
Shoals:3: layout_shoals, nicolae_shoals_elemental_ambush, uniq_polyphemus
Shoals:4: shoals_end_hellmonk_lost_city
Orc:1:    layout_diamond_mine, uniq_jorgrun, uniq_urug, uniq_nergalle
Orc:2:    st_orc_congregation, layout_caves, nicolae_specific_store

Skill      XL: |  1  2  3  4  5  6  7  8  9 10 11 12 13 14 15 16 |
---------------+-------------------------------------------------+-----
Axes           | 3 4 5 6 8 10 12 14 17 18 | 18.0
Fighting       | 4 5 6 13 15 | 15.8
Armour         | 7 8 |  8.1
Shields        | 9 12 | 12.5
Evocations     | 7 10 | 10.8
Dodging        | |  1.7

Action                   |  1- 3 |  4- 6 |  7- 9 | 10-12 | 13-15 | 16-18 || total
-------------------------+-------+-------+-------+-------+-------+-------++-------
Melee: Hand axe          |    50 |    95 |       |       |       |       ||   145
       Headbutt          |     5 |    20 |    46 |    91 |   234 |    22 ||   418
       Punch             |     2 |     1 |     4 |     5 |     3 |       ||    15
       War axe           |       |    25 |    39 |       |       |       ||    64
       Broad axe         |       |       |   210 |   408 |   940 |    99 ||  1657
       Demon whip        |       |       |       |       |     9 |       ||     9
Throw: Javelin           |       |       |       |       |       |     2 ||     2
Invok: Berserk           |     2 |     5 |     4 |     7 |    15 |       ||    33
       Trog's Hand       |       |       |     2 |     4 |     8 |     4 ||    18
       Brothers in Arms  |       |       |       |       |     5 |     2 ||     7
Evoke: Wand              |       |       |       |     1 |     7 |       ||     8
       Tin of tremorston |       |       |       |       |     2 |       ||     2
  Use: Scroll            |     2 |       |     8 |    22 |    17 |     2 ||    51
       Potion            |       |       |       |       |     8 |     2 ||    10
 Stab: Sleeping          |       |     1 |     1 |     3 |    11 |       ||    16
       Distracted        |       |     1 |       |       |     2 |       ||     3
       Invisible         |       |       |     1 |       |       |       ||     1
       Petrifying        |       |       |       |       |       |     1 ||     1
Armor: Plate armour      |    23 |       |       |       |       |       ||    23
       Ring mail         |     6 |    56 |   115 |   172 |   389 |    65 ||   803
Dodge: Dodged            |    25 |    75 |   114 |   189 |   301 |    43 ||   747
Block: Kite shield       |       |       |       |       |   454 |   124 ||   578

Table legend: (Time is in decaauts)
 A = Elapsed time spent in this place.
 B = Non-inter-level travel time spent in this place.
 C = Inter-level travel time spent in this place.
 D = Time resting spent in this place.
 E = Time spent auto-exploring this place.
 F = Levels seen in this place.
 G = Mean time per level.
                   A        B        C        D        E       F      G
               +--------+--------+--------+--------+--------+-----+--------+
         Total |  22973 |  21359 |   1614 |   2578 |  10509 |  29 |  792.2 |
       Dungeon |  13252 |  12308 |    944 |   1552 |   6574 |  15 |  883.5 |
          Lair |   4956 |   4601 |    355 |    286 |   2797 |   5 |  991.2 |
        Shoals |   2461 |   2324 |    137 |    442 |    562 |   4 |  615.2 |
  Orcish Mines |   1528 |   1352 |    176 |    176 |    529 |   2 |  764.0 |
       Ossuary |    328 |    328 |      0 |     95 |     47 |   1 |  328.0 |
        Bailey |    442 |    442 |      0 |     26 |      0 |   1 |  442.0 |
      Ice Cave |      3 |      3 |      0 |      0 |      0 |   1 |    3.0 |
               +--------+--------+--------+--------+--------+-----+--------+

Top non-repeatable levels by time:
  Lair:5: 1424 daAuts
    D:10: 1413 daAuts
Shoals:1: 1237 daAuts
     D:6: 1089 daAuts
     D:3: 1083 daAuts
    D:15: 990 daAuts
    D:14: 948 daAuts
  Lair:4: 943 daAuts
    D:11: 901 daAuts
  Lair:3: 897 daAuts
     D:8: 880 daAuts
     D:4: 879 daAuts
  Lair:1: 863 daAuts
   Orc:2: 852 daAuts
  Lair:2: 827 daAuts
